Map: Deathaura LE

Players

Maru - Winner!

  • Race: Terran Terran
  • League: Master
  • Spawn Location: 5:00

Stats

  • Race: Protoss Protoss
  • League: Grandmaster
  • Spawn Location: 11:00

Event: TSL 6

VOD

Have the link to the VOD?

Description

Time

  • Played on: Dec. 19, 2020, 4:33 a.m.
  • Length: 20:00

All games in this series

Show
View Real Time Build Order
Export as new Build Order

Maru Terran - Winner!

Build Orders: Reaper Expand 

Get SALT Encoding   

  12  0:00  SCV  
  13  0:12  SCV  
  14  0:17  Supply Depot  
  14  0:25  SCV  
  15  0:38  SCV  
  15  0:40  Barracks  
  16  0:43  Refinery  
  16  0:50  SCV  
  17  1:02  SCV  
  18  1:14  SCV  
  19  1:26  Reaper  
  19  1:27  Orbital Command  
  20  1:39  Command Center  
  20  1:50  Supply Depot  
  20  1:53  SCV  
  21  1:58  Marine  
  22  2:04  Factory  
  22  2:08  SCV  
  23  2:16  Bunker  
  23  2:17  Marine  
  23  2:20  SCV  
  25  2:32  SCV  
  25  2:35  Barracks Reactor  
  26  2:44  SCV  
  26  2:50  Command Center  
  27  2:56  Orbital Command  
  27  2:58  SCV  
  27  3:01  Factory Tech Lab  
  28  3:12  Marine x2  
  30  3:16  SCV  
  30  3:19  Cyclone  
  33  3:21  SCV  
  34  3:28  SCV  
  34  3:29  Refinery  
  34  3:30  Marine  
  34  3:31  Marine  
  34  3:33  SCV  
  38  3:34  Barracks  
  38  3:40  SCV  
  39  3:45  SCV  
  40  3:50  Marine x2  
  40  3:52  SCV  
  43  4:00  SCV  
  44  4:03  Orbital Command  
  44  4:04  SCV  
  44  4:05  Barracks, Factory Tech Lab  
  44  4:07  Marine  
  44  4:08  Marine  
  47  4:12  SCV  
  47  4:16  SCV  
  49  4:22  Engineering Bay  
  49  4:23  Engineering Bay  
  49  4:24  Refinery  
  49  4:27  SCV  
  49  4:28  SCV, Marine x2  
  53  4:32  Supply Depot, Stimpack  
  56  4:39  SCV  
  54  4:45  Supply Depot, Marine x2  
  54  4:46  Marine  
  54  4:47  Widow Mine  
  54  4:49  Terran Infantry Armor Level 1, Terran Infantry Weapons Level 1  
  59  4:53  SCV  
  59  4:55  Missile Turret  
  59  4:57  SCV  
  61  5:02  Missile Turret  
  61  5:04  Marine  
  61  5:05  Marauder x2  
  66  5:07  SCV x2  
  66  5:09  Factory Reactor  
  66  5:13  Refinery  
  68  5:15  Combat Shield  
  68  5:19  Starport  
  68  5:20  Marine  
  69  5:22  Marine  
  69  5:25  Supply Depot, SCV, Marine  
  69  5:26  SCV, Marine  
  69  5:27  SCV  
  75  5:37  SCV  
  76  5:44  Supply Depot, Barracks  
  76  5:45  Marine  
  76  5:46  Barracks, Marine  
  76  5:47  Marauder x2  
  76  5:48  Orbital Command  
  82  5:50  SCV  
  82  5:51  SCV  
  82  5:54  Supply Depot  
  84  5:59  Factory Reactor  
  84  6:02  Supply Depot, SCV  
  85  6:05  Medivac x2, SCV  
  85  6:11  Marauder x2, Marine  
  93  6:12  Concussive Shells  
  93  6:16  SCV x2  
  93  6:17  Missile Turret, SCV  
  96  6:23  Armory  
  96  6:28  SCV  
  96  6:31  Refinery x2  
  98  6:32  SCV  
  98  6:33  SCV  
  98  6:34  Barracks Tech Lab  
  99  6:40  Widow Mine x2, SCV  
  99  6:43  Barracks Reactor, Medivac  
  99  6:44  Medivac  
  108  6:47  SCV  
  109  6:54  Supply Depot  
  109  6:55  Supply Depot  
  109  6:56  Supply Depot  
  109  6:57  Supply Depot  
  109  6:59  SCV x3  
  112  7:01  Marine  
  112  7:02  Marauder x2  
  117  7:15  Marine  
  117  7:16  Marauder, Widow Mine, Terran Infantry Weapons Level 2  
  117  7:18  Terran Infantry Armor Level 2  
  117  7:19  SCV x2, Marine  
  117  7:21  SCV  
  125  7:28  Supply Depot  
  125  7:29  Marauder, Marine  
  128  7:31  SCV x2  
  128  7:35  Medivac x2, Widow Mine  
  136  7:39  SCV  
  136  7:43  SCV  
  138  7:48  Command Center  
  138  7:51  Marauder, Marine  
  138  7:56  Ghost Academy  
  139  7:59  SCV x2  
  139  8:00  Starport  
  139  8:01  Terran Ship Weapons Level 1  
  139  8:02  Supply Depot  
  139  8:05  Viking x2  
  143  8:12  Marine x2  
  144  8:13  Marauder  
  148  8:21  SCV  
  148  8:24  Supply Depot  
  148  8:25  Supply Depot  
  148  8:26  Ghost x2  
  153  8:27  Enhanced Shockwaves  
  153  8:30  SCV  
  153  8:31  SCV  
  153  8:33  Ghost  
  155  8:35  Supply Depot, Bunker  
  155  8:38  Viking x2  
  158  8:54  Ghost  
  153  9:00  Ghost  
  153  9:01  Viking x2  
  152  9:07  Marauder, Marine x3  
  158  9:10  SCV  
  158  9:13  Barracks  
  158  9:17  Supply Depot  
  158  9:19  SCV x2  
  158  9:20  Barracks  
  158  9:22  Barracks  
  158  9:24  Marauder  
  162  9:26  Marine x2  
  162  9:27  Marine x2  
  162  9:28  Marauder  
  162  9:29  Ghost  
  162  9:30  Viking x2  
  170  9:41  Planetary Fortress  
  170  9:44  Ghost, Marine  
  170  9:45  Missile Turret  
  173  9:46  Refinery  
  173  9:49  Refinery, Marine  
  173  9:50  Marauder  
  176  9:58  Marauder  
  175  10:11  Marauder  
  175  10:13  Marauder  
  177  10:15  Command Center  
  177  10:17  Viking x3  
  177  10:18  Command Center, Ghost  
  177  10:19  Barracks Tech Lab  
  177  10:20  Barracks Tech Lab  
  185  10:23  Barracks Reactor  
  182  10:29  Missile Turret  
  182  10:32  Ghost  
  182  10:33  SCV x2  
  186  10:36  Command Center  
  186  10:39  Viking  
  188  10:47  Viking  
  190  10:51  Terran Infantry Weapons Level 3  
  132  11:08  Ghost x2  
  132  11:09  Marine  
  117  11:11  Marauder  
  117  11:13  Marauder, Marine x6  
  117  11:15  Viking  
  119  11:26  Marine  
  119  11:27  SCV x3  
  119  11:32  Marauder  
  125  11:33  Marauder, Terran Infantry Armor Level 3  
  125  11:34  Ghost  
  125  11:39  SCV x2  
  131  11:44  Ghost x2  
  130  11:47  Medivac  
  130  11:48  Medivac  
  130  11:50  Marine x6  
  130  11:51  Orbital Command  
  130  11:52  Ghost  
  130  11:54  Orbital Command, Marine  
  143  12:02  Ghost  
  143  12:07  Marine, Viking x2  
  143  12:08  Marine  
  151  12:11  Personal Cloaking, Ghost  
  151  12:13  Marine  
  151  12:14  Marauder  
  156  12:23  Terran Ship Weapons Level 2  
  156  12:34  Marauder x3, Marine x6  
  156  12:35  Marauder  
  170  12:41  Medivac x2, Marauder  
  170  12:42  Medivac  
  178  12:47  Command Center  
  178  12:52  Marine x2  
  178  12:54  Supply Depot  
  180  13:01  Planetary Fortress, Sensor Tower  
  180  13:02  Ghost  
  152  13:21  Marauder, Marine x2  
  152  13:22  Marauder x2  
  152  13:26  Medivac  
  146  13:44  Liberator x2  
  146  13:45  Liberator, Ghost  
  146  13:46  Marauder, Ghost  
  146  13:47  Marauder, Marine x4  
  156  13:54  Command Center  
  156  13:56  Liberator  
  156  13:58  Marine  
  156  13:59  Marauder  
  145  14:05  Marine x2  
  145  14:07  Marauder  
  145  14:09  Marauder  
  147  14:15  Marauder  
  145  14:17  Ghost, Marine  
  145  14:18  Marine x2  
  145  14:19  Ghost  
  148  14:27  Marine  
  148  14:28  Ghost  
  148  14:30  Marauder  
  153  14:31  Fusion Core  
  153  14:36  Marauder  
  155  14:38  Marine x3  
  158  14:46  Liberator x2, Marauder  
  158  14:49  Marauder  
  158  14:51  Ghost  
  170  14:54  Marine x2  
  170  14:57  Marauder  
  170  14:58  Marauder  
  164  15:08  Liberator, Marauder, Marine  
  164  15:09  Marine x2  
  164  15:10  Marauder  
  164  15:13  Sensor Tower  
  174  15:18  Advanced Ballistics, Marauder  
  174  15:19  Marauder  
  174  15:20  Marauder  
  180  15:21  Marine x3  
  183  15:29  Marauder  
  183  15:32  Marauder  
  184  15:48  Sensor Tower  
  160  15:57  Marauder, Marine  
  150  16:07  Liberator x3  
  157  16:15  Liberator  
  157  16:17  Ghost x2, Marine x3  
  157  16:18  Marauder x2, Marine x2  
  173  16:19  Marauder  
  175  16:29  Orbital Command  
  175  16:35  Planetary Fortress  
  175  16:39  Marauder x2  
  179  16:49  Liberator  
  179  16:51  Liberator  
  179  16:53  Missile Turret  
  185  16:58  Liberator  
  188  17:13  Ghost x2  
  191  17:26  Ghost x2  
  191  17:27  Marauder, Marine  
  180  17:38  Orbital Command  
  168  17:55  Marine x2  
  168  17:56  Marauder x2  
  174  17:58  Ghost x2  
  174  18:05  SCV x3  
  181  18:06  SCV  
  181  18:08  Sensor Tower  
  181  18:10  Missile Turret  
  160  18:17  SCV  
  155  18:24  Ghost x3  
  155  18:25  Marine x2  
  155  18:26  Marine  
  164  18:28  Marauder x2  
  168  18:39  Marine x3  
  135  18:49  Marauder x2  
  135  18:51  Marine x2  
  135  18:52  Marine  
  135  18:53  Marauder  
  135  18:54  Marauder x2  
  144  19:01  Marine x2  
  141  19:10  Marauder x2  
  141  19:14  Ghost  
  141  19:15  Marauder  
  151  19:17  Marauder, Marine x3  
  147  19:32  Marauder x2  
  151  19:39  Marine  
Show
View Real Time Build Order
Export as new Build Order

Stats Protoss 

Build Orders: 1 Gate Expand, Phoenix Opening, Zealot Archon, Colossus Rush 

Get SALT Encoding   

  12  0:00  Probe  
  13  0:12  Probe  
  14  0:18  Pylon  
  14  0:24  Probe (Chrono Boost)  
  15  0:36  Probe (Chrono Boost)  
  15  0:37  Gateway  
  16  0:45  Probe (Chrono Boost)  
  16  0:47  Assimilator  
  17  0:51  Probe  
  18  1:03  Probe  
  19  1:15  Probe  
  20  1:24  Cybernetics Core  
  20  1:32  Nexus  
  20  1:35  Probe  
  21  1:42  Pylon  
  21  1:46  Assimilator  
  21  1:49  Probe  
  22  1:57  Adept (Chrono Boost)  
  24  2:01  Probe (Chrono Boost)  
  25  2:13  Probe (Chrono Boost)  
  26  2:19  Probe (Chrono Boost)  
  26  2:20  Adept  
  29  2:26  Stargate  
  29  2:29  Probe  
  30  2:36  Warp Gate  
  31  2:44  Probe (Chrono Boost)  
  31  2:45  Probe (Chrono Boost)  
  31  2:50  Adept  
  34  2:53  Probe (Chrono Boost)  
  34  2:56  Probe (Chrono Boost)  
  36  2:58  Probe (Chrono Boost)  
  36  3:04  Pylon  
  36  3:05  Probe (Chrono Boost)  
  38  3:10  Probe (Chrono Boost)  
  38  3:11  Phoenix  
  42  3:23  Assimilator, Probe x2 (Chrono Boost)  
  42  3:26  Gateway  
  43  3:28  Probe (Chrono Boost)  
  43  3:30  Probe (Chrono Boost)  
  45  3:36  Phoenix  
  45  3:37  Probe  
  48  3:41  Probe  
  48  3:42  Robotics Facility  
  48  3:44  Assimilator  
  49  3:50  Probe  
  49  3:53  Probe  
  49  3:54  Pylon  
  49  3:55  Pylon  
  51  4:01  Phoenix  
  51  4:02  Probe  
  54  4:12  Probe  
  54  4:16  Probe  
  56  4:19  Nexus  
  56  4:23  Pylon  
  56  4:24  Probe  
  56  4:28  Probe (Chrono Boost)  
  56  4:29  Observer  
  59  4:31  Phoenix  
  59  4:36  Robotics Bay  
  61  4:39  Probe (Chrono Boost)  
  61  4:40  Probe (Chrono Boost)  
  61  4:42  Sentry  
  65  4:48  Probe (Chrono Boost)  
  65  4:49  Probe (Chrono Boost)  
  67  4:53  Probe (Chrono Boost)  
  67  4:55  Probe  
  67  4:56  Phoenix, Pylon  
  71  5:00  Observer  
  71  5:05  Forge  
  71  5:06  Twilight Council  
  72  5:08  Probe  
  72  5:09  Probe  
  74  5:20  Probe  
  74  5:21  Colossus (Chrono Boost), Probe (Chrono Boost)  
  82  5:31  Probe (Chrono Boost)  
  82  5:32  Pylon  
  82  5:34  Probe (Chrono Boost)  
  85  5:37  Extended Thermal Lance, Probe (Chrono Boost)  
  85  5:41  Probe (Chrono Boost)  
  85  5:42  Probe (Chrono Boost)  
  87  5:45  Assimilator, Probe (Chrono Boost)  
  87  5:46  Protoss Ground Weapons Level 1, Probe (Chrono Boost)  
  87  5:47  Assimilator  
  87  5:48  Probe  
  90  5:51  Gateway  
  90  5:54  Gateway  
  90  5:56  Probe  
  91  6:01  Pylon  
  91  6:02  Colossus (Chrono Boost)  
  91  6:05  Probe  
  91  6:06  Probe  
  99  6:20  Shield Battery  
  99  6:21  Gateway  
  99  6:23  Gateway  
  99  6:25  Phoenix  
  101  6:26  Gateway  
  101  6:27  Gateway  
  101  6:29  Pylon  
  101  6:36  Pylon  
  101  6:38  Colossus (Chrono Boost)  
  101  6:39  Templar Archives, Forge  
  101  6:46  Photon Cannon  
  107  6:50  Phoenix, Charge  
  109  7:01  Sentry, Zealot x3  
  111  7:06  Pylon  
  111  7:07  Pylon  
  111  7:08  Pylon x2  
  117  7:10  Protoss Ground Armor Level 1 (Chrono Boost)  
  117  7:15  Phoenix  
  119  7:18  Pylon  
  119  7:20  Pylon  
  119  7:26  Warp Prism  
  121  7:33  Zealot x4  
  121  7:35  Zealot x2  
  121  7:36  High Templar  
  121  7:37  High Templar  
  137  7:40  Archon  
  137  7:47  Protoss Ground Weapons Level 2 (Chrono Boost)  
  137  7:50  Pylon x2  
  137  8:02  Colossus  
  143  8:13  Zealot x2  
  143  8:14  Zealot x3  
  143  8:15  High Templar x2  
  143  8:16  Zealot  
  143  8:19  Nexus  
  159  8:20  Archon  
  159  8:21  Pylon, Blink  
  159  8:25  Pylon  
  159  8:30  Dark Shrine  
  159  8:32  Gateway  
  159  8:34  Gateway  
  159  8:39  Probe x3  
  162  8:42  Shield Battery  
  162  8:45  Observer  
  160  8:53  Zealot x6  
  152  8:56  Zealot  
  144  9:12  Protoss Ground Armor Level 2 (Chrono Boost)  
  144  9:14  Zealot x2  
  144  9:15  Zealot x2  
  152  9:19  Observer  
  152  9:23  Probe x3  
  156  9:30  Probe  
  157  9:35  Probe x3  
  157  9:37  Gateway  
  160  9:39  Gateway  
  160  9:42  Probe, High Templar x6  
  160  9:43  Zealot x2  
  160  9:45  Dark Templar  
  179  9:47  Probe x2  
  179  9:48  Archon, Protoss Ground Weapons Level 3 (Chrono Boost)  
  179  9:49  Archon x2  
  181  10:07  Gateway x2  
  179  10:09  Zealot x3  
  179  10:11  Observer (Chrono Boost)  
  177  10:19  Stalker x2  
  177  10:20  Stalker x4  
  189  10:26  Stalker  
  189  10:29  Robotics Facility  
  189  10:32  Assimilator  
  189  10:33  Assimilator  
  189  10:34  Zealot x5  
  198  10:35  Warp Prism (Chrono Boost)  
  166  10:57  Zealot x8  
  166  10:58  Zealot x3  
  154  11:07  Zealot x3  
  148  11:15  Nexus  
  148  11:17  Pylon  
  144  11:18  High Templar x3  
  144  11:19  Zealot x2, High Templar  
  144  11:24  Archon, Observer  
  144  11:25  Archon  
  155  11:27  Zealot x2, High Templar x2  
  155  11:28  Zealot x2  
  167  11:34  Archon, Protoss Ground Armor Level 3 (Chrono Boost)  
  167  11:40  Zealot x4  
  174  11:48  Shadow Stride (Chrono Boost)  
  174  11:52  Pylon  
  174  11:57  Probe x4  
  174  11:58  Disruptor x2 (Chrono Boost)  
  178  12:03  Gravitic Boosters  
  184  12:11  Dark Templar  
  184  12:12  Dark Templar  
  184  12:13  Zealot x6  
  200  12:19  Protoss Shields Level 1 (Chrono Boost)  
  200  12:34  Photon Cannon  
  200  12:36  Shield Battery  
  199  13:08  Zealot  
  199  13:10  Disruptor  
  198  13:15  Disruptor (Chrono Boost)  
  198  13:19  Stalker x2  
  183  13:35  Zealot  
  183  13:36  Zealot x10  
  183  13:39  Zealot  
  191  13:43  Disruptor (Chrono Boost)  
  191  13:47  Disruptor (Chrono Boost)  
  187  13:58  Zealot x2  
  187  13:59  Zealot x4  
  187  14:02  Nexus  
  196  14:03  Pylon  
  179  14:11  Warp Prism (Chrono Boost)  
  179  14:12  Stalker x5  
  179  14:13  Stalker x3  
  179  14:14  Disruptor (Chrono Boost)  
  179  14:16  Protoss Shields Level 2  
  200  14:31  Shield Battery  
  200  14:34  Photon Cannon  
  200  14:36  Photon Cannon  
  200  14:37  Gateway, Photon Cannon  
  200  14:40  Gateway, Observer  
  194  15:16  Assimilator  
  194  15:17  Assimilator  
  194  15:18  Stalker x2  
  194  15:19  Stalker  
  186  15:43  Stalker x4  
  186  15:44  Stalker x3  
  186  15:45  Cybernetics Core  
  138  16:00  Disruptor x2 (Chrono Boost)  
  120  16:06  Stalker x4  
  120  16:07  Stalker x5  
  120  16:08  Stalker x3  
  120  16:09  Stalker x2  
  134  16:14  Dark Templar  
  134  16:15  Dark Templar  
  138  16:27  Disruptor x2  
  140  16:36  Zealot x10  
  140  16:37  Zealot x4  
  163  16:59  Dark Templar x6  
  163  17:00  Dark Templar x4  
  183  17:03  Disruptor x2  
  183  17:05  Stalker x5  
  171  17:43  High Templar x2  
  171  17:44  Stalker x3, High Templar x2  
  179  17:45  Stalker x4, Nexus  
  189  17:51  Archon x2  
  189  17:53  Warp Prism  
  189  17:55  Pylon  
  189  17:56  Zealot x4  
  183  18:26  Zealot x8  
  133  18:48  Observer  
  133  18:54  Stalker x3  
  133  18:55  Stalker x2  
  134  19:35  Dark Templar  
  134  19:36  Dark Templar x3  
  138  19:39  Stalker  
  138  19:40  Stalker x4  
Tags
 
Add a new tag
Caveats
  • Supply blocks, unpowered buildings, or Contaminate may cause inaccurate times.
  • Supply counts are checked every 10 seconds.